 Dungeon Crawl Stone Soup version 0.21.0-37-g46506fa (webtiles) character file.

103296 Miyamura the Prestidigitator (level 15, -12/132 HPs)
             Began as a Pale Draconian Artificer on Jan 30, 2018.
             Was the Champion of Ashenzari.
             Killed from afar by a shock serpent (21 damage)
             ... with a bolt of electricity
             ... on level 2 of the Lair of Beasts on Jan 31, 2018.
             The game lasted 01:29:47 (37098 turns).

Miyamura the Prestidigitator (DrAr)                Turns: 37098, Time: 01:29:48

Health: -12/132    AC: 18    Str: 16    XL:     15   Next: 88%
Magic:  24/24      EV: 20    Int: 17    God:    Ashenzari [******]
Gold:   749        SH:  0    Dex: 15    Spells: 9/26 levels left

rFire    . . .     SeeInvis +   m - +4 sword of Power (curse)
rCold    + + .     Gourm    .   (shield currently unavailable)
rNeg     . . .     Faith    .   (armour unavailable)
rPois    +         Spirit   .   B - +2 hat (curse)
rElec    .         Reflect  .   I - +2 cloak (curse)
rCorr    .         Harm     .   O - +2 pair of gloves "Ruocearr" {+Inv rPois MP-9 Int+4} (curse)
MR       +....     Clarity  +   H - +0 pair of boots "Noygg" {rC++} (curse)
Stlth    +++++++...             g - amulet of regeneration (curse)
HPRegen  0.72/turn              t - ring of magical power (curse)
MPRegen  0.19/turn              i - ring of stealth (curse)

@: lethally poisoned (-12 -> -12), constricted
A: breathe steam, unfitting armour, cold-blooded, AC +9
a: Breathe Steam, Curse Item, Scrying, Transfer Knowledge, Renounce Religion,
Evoke Invisibility


You were on level 2 of the Lair of Beasts.
You worshipped Ashenzari.
Ashenzari was exalted by your worship.
You were not hungry.

You visited 5 branches of the dungeon, and saw 25 of its levels.
You also visited: Labyrinth, Sewer and Volcano.

You collected 2351 gold pieces.
You spent 1602 gold pieces at shops.

Inventory:

Hand Weapons
 m - the cursed +4 sword of Power (weapon)
   (You found it on level 9 of the Dungeon)

   It has a curse placed upon it.
Missiles
 Z - 627 stones (quivered)
Armour
 y - a scarf of cloud immunity
 B - a cursed +2 hat (worn)
 H - the cursed +0 pair of boots "Noygg" (worn) {rC++}
   (You found it on level 5 of the Dungeon)

   It greatly protects you from cold.
   It has a curse placed upon it.
 I - a cursed +2 cloak (worn)
 O - the cursed +2 pair of gloves "Ruocearr" (worn) {+Inv rPois MP-9 Int+4}
   (You found it on level 1 of the Lair of Beasts)

   It affects your intelligence (+4).
   It protects you from poison.
   It affects your magic capacity (-9).
   It lets you turn invisible.
   It has a curse placed upon it.
 Q - a +2 shield
Magical Staves
 p - an uncursed staff of wizardry
Jewellery
 g - a cursed amulet of regeneration (around neck)
 i - a cursed ring of stealth (right hand)
 r - an uncursed ring of flight
 t - a cursed ring of magical power (left hand)
 A - a cursed ring of protection from cold
 N - an uncursed ring of poison resistance
 Y - an uncursed amulet of guardian spirit
Wands
 b - a wand of flame (26)
 c - a wand of enslavement (12)
 d - a wand of paralysis (8)
 h - a wand of scattershot (8)
 n - a wand of digging (22)
 o - a wand of iceblast (9)
 D - a wand of random effects (27)
Scrolls
 a - a scroll of fog
 e - 2 scrolls of holy word
 l - 2 scrolls of fear
 q - 5 scrolls of teleportation
 s - 4 scrolls of remove curse
 v - 3 scrolls of magic mapping
 F - 14 scrolls of identify
 K - 3 scrolls of blinking
 X - 2 scrolls of enchant armour
Potions
 j - 2 potions of flight
 k - 4 potions of might
 u - 3 potions of brilliance
 w - 2 potions of invisibility
 x - a potion of ambrosia
 z - 3 potions of heal wounds
 C - 11 potions of curing
 L - 4 potions of agility
 M - a potion of cancellation
 R - 2 potions of lignification
 T - 2 potions of haste
 U - a potion of resistance
 W - a potion of berserk rage
Books
 G - the Guide on Captivating Lightness
   (You found it on level 13 of the Dungeon)

   Spells                             Type                      Level
   a - Shock                          Conjuration/Air              1
   b - Slow                           Hexes                        2
   c - Confuse                        Hexes                        3
   d - Yara's Violent Unravelling     Hexes/Transmutation          5
   e - Silence                        Hexes/Air                    5
Miscellaneous
 E - a lightning rod (4/4)
 S - a phantom mirror
 V - a fan of gales
Comestibles
 f - 26 rations


   Skills:
 - Level 11.8 Fighting
   Level 7.8(9.2) Short Blades
 - Level 7.4(13.8) Long Blades
 - Level 10.3(14.6) Dodging
 - Level 11.1(15.3) Stealth
 - Level 9.2 Shields
 + Level 6.0 Spellcasting
 + Level 6.6(11.1) Translocations
 * Level 9.5(13.8) Earth Magic
 - Level 12.3(16.4) Evocations


You had 9 spell levels left.
You knew the following spells:

 Your Spells              Type           Power        Failure   Level  Hunger
a - Sandblast             Erth           ######       1%          1    None
b - Blink                 Tloc           N/A          1%          2    None
e - Lesser Beckoning      Tloc           #####.....   1%          3    ##.....
l - Lee's Rapid Deconstr  Erth           ######....   1%          5    #####..
s - Statue Form           Tmut/Erth      ####.....    67%         6    #######


Dungeon Overview and Level Annotations

Branches:
Dungeon (15/15)            Temple (1/1) D:7            Lair (6/6) D:10
 Shoals (0/4) Lair:4        Snake (1/4) Lair:2        Slime (0/5) Lair:5
    Orc (2/2) D:10            Elf (0/3) Orc:2        Vaults (0/5) D:13
 Depths (0/5) D:15

Altars:
Ashenzari
Cheibriados
Dithmenos
Elyvilon
Fedhas
Gozag
Hepliaklqana
Kikubaaqudgha
Makhleb
Nemelex Xobeh
Okawaru
Qazlal
Ru
Sif Muna
Trog
Uskayaw
Vehumet
Wu Jian
Xom
Yredelemnul
Zin
The Shining One
Beogh
Jiyva

Shops:
D:6 :   Orc:2 *=*:


Innate Abilities, Weirdness & Mutations

You can breathe blasts of scalding, opaque steam.
Your pale cyan-grey scales are hard. (AC +9)
You cannot fit into any form of body armour.
You are cold-blooded and may be slowed by cold attacks.


Message History

You hit the shock serpent.
The shock serpent is severely wounded.
The shock serpent bites you! The shock serpent shocks you!
The naga mage closely misses you. The naga mage constricts you.
You slash the shock serpent!
Your tail-slap misses the shock serpent.
The shock serpent is almost dead.
The shock serpent's electric aura discharges, shocking you!
You feel sick.
The shock serpent shoots out a bolt of lightning at you!
The bolt of electricity hits you! x2
The bolt of electricity hits the shock serpent.
The shock serpent completely resists.
The naga mage gestures at you while chanting.
The poison arrow hits you!
You are more poisoned.
You partially resist. The naga mage constricts you.
The shock serpent shoots out a bolt of lightning at you!
The bolt of electricity hits you!
You die...

รท...........#.............####.##
.....#..#..#[...............##...
.....#...........................
#...##...........................
##.##...#...########...[.....(...
#####..##..###.....###...........
####...#####.........##.....P....
........#.#...#...#...#..........
..............#S@.#.......#......
..........#...#.N.#...#)[.#......
..........##.........##..........
...........###.....###...##......
.............#######......#......
........(........#...P##.........
.........#........#.####..P......
...#..###....#..P...###..........
....#..###...........##P.........


You could see a shock serpent and a naga mage.

Vanquished Creatures
  Gastronok (Orc:1)
  An orc warlord (D:13)
  A minotaur (Lab)
  The ghost of stickyfingers the Carver, a journeyman OpCK of Xom (Lair:2)
  4 hydras
  An ice dragon (D:13)
  4 vault guards (D:13)
  An ogre mage (D:15)
  A death knight (D:13)
  6 centaur warriors
  9 two-headed ogres
  2 death yaks (Lair:6)
  A tengu warrior (D:14)
  Urug (Lair:2)
  An orc high priest (Orc:1)
  Sonja (D:10)
  A hell knight (Volcano)
  3 unseen horrors
  The ghost of loralnil the Blocker, a novice GrFi of Makhleb (D:8)
  A wizard (D:15)
  2 lindwurms
  Pikel (D:9)
  A mana viper (shapeshifter) (D:15)
  3 orc knights
  2 deep elf magi (D:15)
  An oklob plant (Lair:3)
  A manticore (D:13)
  18 ugly things
  5 cyclopes
  2 orc sorcerers (Orc:1)
  7 elephants
  A centaur zombie (D:12)
  Maurice (D:9)
  5 black mambas
  3 gargoyles
  2 naga magi (D:15)
  2 molten gargoyles (Lair:3)
  2 torpor snails
  25 spiny frogs
  2 kobold demonologists (D:15)
  7 komodo dragons
  2 rime drakes
  An efreet (D:13)
  2 tengu conjurers
  3 yaktaurs (Volcano)
  4 trolls
  A merfolk (D:8)
  7 slime creatures
  A polar bear (Lair:6)
  3 hornets
  A harpy skeleton (D:15)
  Prince Ribbit (D:8)
  3 tyrant leeches (Lair:6)
  16 blink frogs
  12 hippogriffs
  A tarantella (shapeshifter) (D:13)
  A vampire (D:13)
  3 shadows
  A centaur simulacrum (D:13)
  3 wyverns
  2 wraiths
  26 yaks
  2 humans
  6 hungry ghosts
  13 vampire mosquitoes
  Grum (D:9)
  A swamp worm (D:8)
  7 nagas (Lair:2)
  4 wargs
  An acid dragon (D:14)
  2 soldier ants (D:14)
  12 water moccasins
  3 porcupines
  2 eyes of draining
  2 sky beasts
  8 ice beasts
  41 orc warriors
  3 black bears
  8 phantoms
  2 necrophages
  A slave (D:9)
  16 ogres
  22 centaurs
  35 wolves
  14 crocodiles
  4 big kobolds
  29 bullfrogs
  A gnoll sergeant (D:12)
  A wyvern zombie (D:12)
  11 scorpions
  11 killer bees
  6 howler monkeys
  5 wights
  8 electric eels
  5 lava snakes (Lair:3)
  6 crimson imps
  2 bullfrog skeletons
  2 bullfrog zombies
  9 hounds
  9 centaur skeletons
  17 orc wizards
  13 orc priests
  Crazy Yiuf (D:3)
  3 jellies
  An iguana (D:8)
  6 worker ants
  Natasha (thrice) (D:3)
  2 hound skeletons
  2 worker ant zombies
  12 gnolls
  16 adders
  6 shadow imps
  An ooze (Sewer)
  3 adder zombies
  2 adder skeletons
  3 worms
  4 dart slugs
  10 leopard geckos
  68 orcs
  3 giant cockroaches
  13 goblins
  9 hobgoblins
  4 jackals (D:4)
  34 kobolds
  2 quokkas
  6 ball pythons
  16 bats
  5 frilled lizards
  A leopard gecko skeleton (D:4)
  A leopard gecko zombie (D:8)
  4 rats
  A bush (D:3)
  2 fungi (Lair:6)
818 creatures vanquished.

Vanquished Creatures (collateral kills)
  An orc (Orc:2)
1 creature vanquished.

Vanquished Creatures (others)
  An orc sorcerer (Orc:2)
  A slave (D:9)
  24 fungi
  72 plants
98 creatures vanquished.

Grand Total: 917 creatures vanquished

Notes
Turn   | Place    | Note
-------+----------+-------------------------------------------
     0 | D:1      | Miyamura the Draconian Artificer began the quest for the Orb.
     0 | D:1      | Reached XP level 1. HP: 16/16 MP: 3/3
    61 | D:1      | Reached skill level 1 in Stealth
   202 | D:1      | Reached XP level 2. HP: 23/23 MP: 4/4
   986 | D:1      | Reached XP level 3. HP: 27/29 MP: 5/5
  1840 | D:2      | Reached XP level 4. HP: 27/36 MP: 6/6
  2273 | D:3      | Reached skill level 1 in Shields
  2828 | D:3      | Noticed a bullfrog
  2842 | D:3      | Killed a bullfrog
  2842 | D:3      | Reached XP level 5. HP: 28/42 MP: 7/7
  2855 | D:3      | Noticed Natasha
  2965 | D:3      | Killed Natasha
  3107 | D:3      | Noticed Natasha
  3108 | D:3      | Killed Natasha
  3122 | D:3      | Noticed Natasha
  3132 | D:3      | Killed Natasha
  3132 | D:3      | Reached XP level 6. HP: 33/50 MP: 8/8
  3251 | D:3      | Found a faded altar of an unknown god.
  3913 | D:3      | Reached skill level 4 in Evocations
  4621 | D:3      | Found a runed door.
  4626 | D:3      | Noticed Crazy Yiuf
  4633 | D:3      | Killed Crazy Yiuf
  4776 | D:4      | Found a stormy altar of Qazlal.
  4798 | D:4      | Your scales start taking on a pale cyan-grey colour.
  4798 | D:4      | Reached XP level 7. HP: 47/57 MP: 10/10
  5376 | D:4      | Reached skill level 5 in Evocations
  5816 | D:5      | Entered Level 5 of the Dungeon
  6066 | D:5      | Found a glowing drain.
  6070 | D:5      | Got a pair of scorched boots
  6123 | D:5      | Identified the cursed +0 pair of boots "Noygg" {rC++} (You found it on level 5 of the Dungeon)
  6124 | Sewer    | Entered a sewer
  6503 | Sewer    | Reached XP level 8. HP: 52/66 MP: 11/11
  6665 | D:5      | Found a stormy altar of Qazlal.
  6674 | D:5      | Found a blossoming altar of Fedhas.
  7369 | D:6      | Got a glittering marble ring
  7519 | D:6      | Found Daock's Book Shoppe.
  7630 | D:6      | Noticed a hippogriff
  7637 | D:6      | Killed a hippogriff
  8033 | D:6      | You fall through a shaft for 3 floors!
  8096 | D:9      | Reached skill level 5 in Fighting
  8096 | D:9      | Reached skill level 6 in Evocations
  8763 | D:9      | Noticed a two-headed ogre
  8764 | D:9      | a two-headed ogre changed into a redback
  8774 | D:9      | Noticed a deep troll
  8774 | D:9      | a redback changed into a deep troll
  8780 | D:9      | Noticed a torpor snail
  8780 | D:9      | a deep troll changed into a torpor snail
  8793 | D:9      | Killed a torpor snail
  8793 | D:9      | Reached XP level 9. HP: 23/74 MP: 13/13
  9193 | D:6      | Reached skill level 5 in Short Blades
  9193 | D:6      | Reached skill level 5 in Stealth
  9392 | D:6      | Noticed a gargoyle
  9459 | D:6      | Reached skill level 5 in Dodging
  9698 | D:6      | Reached skill level 5 in Shields
  9866 | D:6      | Identified the ring of Youthful Indiscretion {Ice Stlth+} (You found it on level 6 of the Dungeon)
  9923 | D:6      | Killed a gargoyle
  9923 | D:6      | Reached skill level 7 in Evocations
 10119 | D:7      | Found a staircase to the Ecumenical Temple.
 10246 | Temple   | Entered the Ecumenical Temple
 10413 | Temple   | Became a worshipper of Ashenzari the Shackled
 10823 | D:7      | Reached XP level 10. HP: 81/84 MP: 15/15
 11112 | D:7      | Found a radiant altar of Vehumet.
 11112 | D:7      | Found an ancient bone altar of Kikubaaqudgha.
 11114 | D:7      | Found an ornate altar of the Wu Jian Council.
 11474 | D:8      | Noticed a two-headed ogre
 11475 | D:8      | Noticed a deep troll
 11475 | D:8      | a two-headed ogre changed into a deep troll
 11476 | D:8      | Noticed a wolf spider
 11476 | D:8      | a deep troll changed into a wolf spider
 11477 | D:8      | a wolf spider changed into a swamp worm
 11657 | D:8      | Noticed loralnil's ghost (novice GrFi)
 12192 | D:8      | Noticed Prince Ribbit
 12200 | D:8      | Killed Prince Ribbit
 12418 | D:8      | Killed loralnil's ghost
 12418 | D:8      | Reached skill level 8 in Evocations
 12924 | D:8      | Noticed a two-headed ogre
 12928 | D:8      | Noticed a two-headed ogre
 12986 | D:8      | Killed a two-headed ogre
 13147 | D:8      | a two-headed ogre changed into a merfolk
 13369 | D:8      | Identified a scroll of acquirement
 13370 | D:8      | Got the cursed rapier of Resourcefulness {freeze, *Slow Int+5}
 13371 | D:8      | Identified the cursed +3 rapier of Resourcefulness {freeze, *Slow Int+5} (You acquired it on level 8 of the Dungeon)
 13542 | D:9      | Reached * piety under Ashenzari
 13746 | D:9      | Noticed Pikel
 13758 | D:9      | Killed Pikel
 13758 | D:9      | Reached XP level 11. HP: 89/93 MP: 17/17
 13852 | D:9      | Noticed Grum
 13890 | D:9      | Killed Grum
 14083 | D:9      | Found the +0 sword of Power
 14083 | D:9      | Found a viscous altar of Jiyva.
 14144 | D:9      | Identified the -4 helmet "Xaitoc" {rN+ MR+ Int+5 Dex-4} (You found it on level 5 of the Dungeon)
 14145 | D:9      | Found a transporter.
 14308 | D:9      | Found a shimmering altar of Xom.
 14309 | D:9      | Found a hazy altar of Hepliaklqana.
 14341 | D:9      | Noticed Maurice
 14341 | D:9      | Noticed a two-headed ogre
 14348 | D:9      | Killed a two-headed ogre
 14349 | D:9      | Killed Maurice
 14540 | D:10     | Entered Level 10 of the Dungeon
 14631 | D:10     | Found a staircase to the Orcish Mines.
 15090 | D:10     | Noticed Sonja
 15097 | D:10     | Killed Sonja
 15097 | D:10     | Reached skill level 9 in Evocations
 15281 | D:10     | Found a staircase to the Lair.
 15973 | Lair:1   | Entered Level 1 of the Lair of Beasts
 16747 | Lair:1   | Reached XP level 12. HP: 67/103 MP: 19/19
 16907 | Lair:1   | Identified the +2 pair of gloves "Ruocearr" {+Inv rPois MP-9 Int+4}
 17002 | Lair:1   | Reached ** piety under Ashenzari
 17569 | Lair:2   | Noticed Urug
 17587 | Lair:2   | Killed Urug
 17711 | Lair:2   | Noticed stickyfingers's ghost (journeyman OpCK)
 17753 | Lair:2   | Killed stickyfingers's ghost
 18141 | Lair:2   | Found a staircase to the Snake Pit.
 18387 | Lair:2   | Reached skill level 10 in Evocations
 18628 | Lair:2   | Reached *** piety under Ashenzari
 18793 | Lair:2   | Noticed a seven-headed hydra
 18801 | Lair:2   | Killed a seven-headed hydra
 19526 | Lair:3   | Found a basalt altar of Yredelemnul.
 20223 | Lair:3   | Identified the cursed +2 quarterstaff "Xenlithre" {freeze, +Inv Str+3 Dex+4}
 20436 | Lair:4   | Noticed a five-headed hydra
 20462 | Lair:4   | Killed a five-headed hydra
 20604 | Lair:4   | Found a staircase to the Shoals.
 20678 | Lair:4   | Noticed an eight-headed hydra
 21208 | Lair:4   | Reached **** piety under Ashenzari
 21243 | Lair:4   | Noticed a five-headed hydra
 21250 | Lair:4   | Killed a five-headed hydra
 21250 | Lair:4   | Reached skill level 10 in Fighting
 21464 | Lair:4   | Reached XP level 13. HP: 111/113 MP: 11/20
 21635 | Lair:4   | Identified the +1 great mace of the Median {crush, *Contam rF+ Int+3 Dex+4}
 22313 | Lair:5   | Found a dark tunnel.
 22322 | Volcano  | Entered a volcano
 22359 | Volcano  | Found a burning altar of Makhleb.
 23014 | Lair:5   | Reached ***** piety under Ashenzari
 23032 | Lair:5   | Found a staircase to the Slime Pits.
 23032 | Lair:5   | Found a viscous altar of Jiyva.
 23448 | Lair:6   | Entered Level 6 of the Lair of Beasts
 23690 | Lair:6   | Reached skill level 11 in Evocations
 24182 | Lair:6   | Reached skill level 10 in Stealth
 24209 | Lair:6   | Reached skill level 10 in Short Blades
 25544 | Lair:6   | Reached XP level 14. HP: 119/124 MP: 13/22
 26544 | Orc:1    | Entered Level 1 of the Orcish Mines
 26551 | Orc:1    | Noticed Gastronok
 26559 | Orc:1    | Noticed Erica
 26565 | Orc:1    | Noticed Erica
 26565 | Orc:1    | Erica changed into Erica the elephant
 26565 | Orc:1    | Killed Gastronok
 26565 | Orc:1    | Reached skill level 10 in Dodging
 26592 | Orc:1    | Killed Erica the elephant
 26666 | D:10     | Reached skill level 12 in Evocations
 27045 | Orc:2    | Entered Level 2 of the Orcish Mines
 28816 | Orc:1    | Paralysed by an orc sorcerer for 3 turns
 28848 | Orc:1    | Found a roughly hewn altar of Beogh.
 29035 | Orc:2    | Found a staircase to the Elven Halls.
 29467 | Orc:2    | Found Laf Odd's Jewellery Shop.
 29467 | Orc:2    | Found Ygiwkil's General Store.
 29469 | Orc:2    | Found Buxaqu's Book Emporium.
 29471 | Orc:2    | Found Silox's General Store.
 29475 | Orc:2    | Bought a cursed ring of teleportation for 72 gold pieces
 29475 | Orc:2    | Bought an uncursed amulet of regeneration for 480 gold pieces
 29483 | Orc:2    | Learned a level 2 spell: Blink
 29487 | Orc:2    | Learned a level 3 spell: Lesser Beckoning
 29488 | Orc:2    | Bought a scroll of noise for 15 gold pieces
 29651 | Orc:2    | Bought a book of Transfigurations for 550 gold pieces
 29651 | Orc:2    | Bought a book of Geomancy for 350 gold pieces
 29657 | Orc:2    | Learned a level 5 spell: Lee's Rapid Deconstruction
 29659 | Orc:2    | Learned a level 1 spell: Sandblast
 29664 | Orc:2    | Bought 19 stones for 19 gold pieces
 29664 | Orc:2    | Bought 17 stones for 17 gold pieces
 29664 | Orc:2    | Bought a scroll of holy word for 75 gold pieces
 29672 | Orc:2    | Bought 24 stones for 24 gold pieces
 30046 | D:9      | Found a transporter.
 30084 | D:9      | Reached skill level 1 in Earth Magic
 30239 | D:11     | Found a labyrinth entrance.
 30258 | Lab      | Entered a labyrinth
 30391 | Lab      | Reduced skill Short Blades to level 10
 30391 | Lab      | Reached skill level 1 in Long Blades
 30410 | Lab      | Reached skill level 1 in Translocations
 30512 | Lab      | Reached skill level 1 in Spellcasting
 31014 | D:11     | Reached skill level 5 in Long Blades
 31267 | D:11     | Identified the +1 hat of the Four Yaks {rElec MR- Str+6}
 32159 | D:12     | Learned a level 6 spell: Statue Form
 32600 | D:13     | Reached skill level 5 in Earth Magic
 32645 | D:13     | Found a gate to the Vaults.
 32665 | D:13     | Reached XP level 15. HP: 114/132 MP: 15/24
 32861 | D:13     | Identified the Guide on Captivating Lightness
 33396 | D:13     | Noticed an orc warlord
 34378 | D:13     | Killed an orc warlord
 34575 | D:14     | Reached ****** piety under Ashenzari
 34590 | D:14     | Reached skill level 5 in Translocations
 35225 | D:14     | Reached skill level 5 in Spellcasting
 35580 | D:15     | Entered Level 15 of the Dungeon
 36162 | D:15     | Found a shadowy altar of Dithmenos.
 36795 | D:15     | Found a staircase to the Depths.
 37078 | Snake:1  | Entered Level 1 of the Snake Pit
 37098 | Lair:2   | Killed from afar by a shock serpent

Skill      XL: |  1  2  3  4  5  6  7  8  9 10 11 12 13 14 15 |
---------------+----------------------------------------------+-----
Stealth        | 1 2 3 4 5 7 8 9 10 11 | 11.1
Dodging        | 2 3 4 5 6 7 8 9 10 | 10.3
Fighting       | 2 3 4 5 6 7 8 10 11 | 11.8
Shields        | 1 2 3 4 5 6 8 9 |  9.2
Short Blades   | 2 3 4 5 7 8 9 10 7 |  7.8
Evocations     | 4 5 6 7 8 9 10 11 12 | 12.3
Earth Magic    | 5 9 |  9.5
Long Blades    | 7 |  7.4
Translocations | 3 6 |  6.6
Spellcasting   | 3 6 |  6.0

Action                   |  1- 3 |  4- 6 |  7- 9 | 10-12 | 13-15 || total
-------------------------+-------+-------+-------+-------+-------++-------
Melee: Short sword       |    90 |   398 |   682 |   239 |       ||  1409
       Tailslap          |     7 |    90 |    91 |   132 |   298 ||   618
       Rapier            |       |       |       |   669 |   990 ||  1659
       Great sword       |       |       |       |       |   618 ||   618
 Cast: Blink             |       |       |       |       |     1 ||     1
       Statue Form       |       |       |       |       |     1 ||     1
Invok: Curse Item        |       |       |     3 |     2 |     4 ||     9
       Transfer Knowledg |       |       |       |       |     1 ||     1
 Abil: Breathe Steam     |       |       |    10 |    52 |    43 ||   105
       Evoke Invisibilit |       |       |       |     2 |       ||     2
Evoke: Wand              |     1 |    12 |    28 |    22 |    35 ||    98
       Fan of gales      |       |       |       |       |     1 ||     1
  Use: Scroll            |     1 |     3 |    13 |     8 |    11 ||    36
       Potion            |       |       |     9 |     9 |     7 ||    25
 Stab: Sleeping          |     5 |    14 |     6 |    30 |    59 ||   114
       Distracted        |       |       |     1 |     5 |    10 ||    16
       Invisible         |       |       |       |     3 |       ||     3
       Confused          |       |       |       |       |     1 ||     1
       Paralysed         |       |       |       |       |     4 ||     4
  Eat: Chunk             |     3 |     8 |    17 |    29 |    35 ||    92
       Ration            |       |     1 |     2 |     3 |     8 ||    14
Armor: Skin              |    13 |    32 |   180 |   150 |   273 ||   648
Dodge: Dodged            |    35 |    89 |   365 |   521 |  1077 ||  2087
Block: Buckler           |    18 |    49 |   217 |   296 |   303 ||   883
       Rpst.: Great sword |       |       |       |       |   159 ||   159
